 Dungeon Crawl Stone Soup version 0.30-a0-777-ga9a30cbeda (webtiles) character file.

Game seed: 4216168898037546458

416 BRD the Ruffian (level 6, 0/62 HPs)
             Began as a Troll Berserker on Feb 14, 2023.
             Was a Believer of Trog.
             Slain by a gnoll
             ... wielding a +0 whip
             ... led by a gnoll bouda
              (5 damage)
             ... on level 4 of the Dungeon.
             The game lasted 00:02:03 (1719 turns).

BRD the Ruffian (Troll Berserker)                   Turns: 1719, Time: 00:02:04

Health: 0/62       AC:  4    Str: 28    XL:     6   Next: 60%
Magic:  5/5        EV: 10    Int:  3    God:    Trog [**....]
Gold:   101        SH:  0    Dex:  9    Spells: 5/5 levels left

rFire   . . .      SeeInvis .      - Unarmed
rCold   . . .      Faith    .    (no shield)
rNeg    . . .      Spirit   .    a - +0 animal skin
rPois   .          Reflect  .    (helmet restricted)
rElec   .          Harm     .    (no cloak)
rCorr   .          Rampage  .    (gloves unavailable)
Will    .....                    (boots unavailable)
Stlth   +                        (no amulet)
HPRegen 1.10/turn                (no ring)
MPRegen 0.09/turn                (no ring)

@: weakened
A: large, unfitting armour, claws 3, regeneration 1, shaggy fur 1, tough skin 1
a: Renounce Religion, Berserk, Trog's Hand


You were on level 4 of the Dungeon.
You worshipped Trog.
Trog was pleased with you.
You visited 1 branch of the dungeon, and saw 4 of its levels.

You collected 101 gold pieces.

Inventory:

Armour
 a - a +0 animal skin (worn)
Jewellery
 b - a +6 ring of intelligence
Scrolls
 c - a scroll of immolation {unknown}
 f - a scroll of fear {unknown}
Potions
 d - a potion of heal wounds {unknown}
 e - a potion of degeneration {unknown}
 g - a potion of curing


   Skills:
 + Level 4.1 Fighting
 + Level 4.1 Dodging
 + Level 4.9 Unarmed Combat


You had 5 spell levels left.
You didn't know any spells.
Your spell library was empty.

Dungeon Overview and Level Annotations

Branches:
Dungeon (4/15)
 Temple: D:4-7

Altars:
Nemelex Xobeh
Vehumet
Zin
The Shining One


Innate Abilities, Weirdness & Mutations

You are too large for most types of armour.
You have claws for hands.
Your natural rate of healing is unusually fast.
You are covered in fur. (AC +1)
You have tough skin. (AC +1)


Message History

You scratch the gnoll bouda.
The gnoll bouda is lightly wounded.
The gnoll hits you with a +0 whip.
You scratch the gnoll bouda.
The gnoll bouda is lightly wounded.
The gnoll throws a throwing net.
The throwing net hits you.
You become entangled in the net!
The gnoll hits you but does no damage.
The gnoll bouda gazes fiercely through you!
You feel as though you will be weak longer.
The gnoll bouda hits you with a +0 whip.
You are held in a net!
You are held in a net!
You are held in a net!
You are held in a net!
You struggle against the net.
The gnoll completely misses you. The gnoll bouda barely misses you.
You struggle against the net.
The gnoll hits you with a +0 flail! The gnoll hits you with a +0 whip.
The gnoll bouda hits you with a +0 whip.
You struggle against the net.
The gnoll barely misses you. The gnoll hits you but does no damage.
The gnoll bouda hits you with a +0 whip.
You struggle against the net.
The gnoll hits you with a +0 flail. The gnoll hits you with a +0 whip.
The gnoll bouda hits you with a +0 whip!
* * * LOW HITPOINT WARNING * * *
You rip the net and break free!
The gnoll closely misses you. The gnoll hits you with a +0 whip.
* * * LOW HITPOINT WARNING * * *
The gnoll bouda closely misses you.
The gnoll throws a throwing net.
The throwing net closely misses you. The gnoll hits you with a +0 whip.
* * * LOW HITPOINT WARNING * * *
The gnoll bouda hits you with a +0 whip.
* * * LOW HITPOINT WARNING * * *
You see here a +0 dagger.
The gnoll attacks as you move away! The gnoll hits you with a +0 whip.
* * * LOW HITPOINT WARNING * * *
The gnoll attacks as you move away! The gnoll hits you with a +0 whip.
You die...

#####.#######
#......<....#
....
#.###.#####.#
##..# ###.#
..... #(..#
.#.## #.###
.#. #.# .).
#.# .## # #@#
#.#g#######
#.gg.......
###g#######
#.# .g. #..
#... ##.#


You could see a gnoll bouda and 4 gnolls.

Vanquished Creatures
  Sigmund (D:2)
  An ice beast (D:4)
  A jelly (D:4)
  Natasha (D:2)
  Robin (D:2)
  4 adders
  A dart slug (D:1)
  3 orcs (D:3)
  4 bats
  2 endoplasms (D:1)
  A giant cockroach (D:1)
  14 goblins
  8 hobgoblins
  3 jackals (D:2)
  A quokka (D:3)
  3 ball pythons
  2 frilled lizards
  4 kobolds
  3 rats (D:1)
58 creatures vanquished.

Notes
Turn   | Place    | Note
-------+----------+-------------------------------------------
     0 | D:1      | BRD the Troll Berserker began the quest for the Orb.
     0 | D:1      | Reached XP level 1. HP: 22/22 MP: 0/0
    69 | D:1      | Found a faded altar of an unknown god.
   175 | D:1      | Reached XP level 2. HP: 28/29 MP: 1/1
   690 | D:2      | Reached XP level 3. HP: 36/36 MP: 2/2
   832 | D:2      | Found a sparkling altar of Nemelex Xobeh.
   865 | D:2      | Noticed Sigmund
   878 | D:2      | Killed Sigmund
   879 | D:2      | Reached XP level 4. HP: 43/46 MP: 3/3
   879 | D:2      | Reached XP level 5. HP: 49/53 MP: 4/4
   952 | D:2      | Noticed Robin
   956 | D:2      | Reached ** piety under Trog
   975 | D:2      | Killed Robin
  1301 | D:2      | Noticed Natasha
  1307 | D:2      | Killed Natasha
  1308 | D:2      | Reached XP level 6. HP: 60/62 MP: 5/5
  1563 | D:3      | You fall into a shaft and drop 1 floor!
  1605 | D:4      | Found a glowing silver altar of Zin.
  1605 | D:4      | Found a radiant altar of Vehumet.
  1608 | D:4      | Found a glowing golden altar of the Shining One.
  1672 | D:4      | Noticed an ice beast
  1678 | D:4      | Killed an ice beast
  1719 | D:4      | Slain by a gnoll

Illustrated notes

Levels and vault maps discovered:
D:1:      lightli_arrival_farm, layout_loops_ring,
          chequers_ecumenical_altar_twisty
D:2:      layout_basic, basic_altar, dk_noncrumbling_3, serial_bayou_pond_b,
          uniq_natasha, uniq_robin, uniq_sigmund
D:3:      layout_loops_ring
D:4:      layout_loops_ring, grunt_temple_overflow_open, ebering_ghost_sewer_f

Skill      XL: |  1  2  3  4  5  6 |
---------------+-------------------+-----
Fighting       | 3 4 |  4.1
Dodging        | 3 4 |  4.1
Unarmed Combat | 4 |  4.9

Action                     |  1- 3 |  4- 6 || total
---------------------------+-------+-------++-------
  Melee: Unarmed           |    71 |    86 ||   157
         Punch             |     1 |     1 ||     2
 Armour: Animal skin       |    21 |    33 ||    54
  Dodge: Dodged            |    39 |    54 ||    93

Table legend: (Time is in decaauts)
 A = Elapsed time spent in this place.
 B = Non-inter-level travel time spent in this place.
 C = Inter-level travel time spent in this place.
 D = Time resting spent in this place.
 E = Time spent auto-exploring this place.
 F = Levels seen in this place.
 G = Mean time per level.
                   A        B        C        D        E       F      G
               +--------+--------+--------+--------+--------+-----+--------+
         Total |   1705 |   1614 |     91 |      0 |   1296 |   4 |  426.2 |
       Dungeon |   1705 |   1614 |     91 |      0 |   1296 |   4 |  426.2 |
               +--------+--------+--------+--------+--------+-----+--------+

Top non-repeatable levels by time:
     D:2: 782 daAuts
     D:1: 651 daAuts
     D:4: 153 daAuts
     D:3: 117 daAuts
